 Dungeon Crawl Stone Soup version 0.26-a0-665-gefeb406119 (webtiles) character file.

Game seed: 12195257482815237666

2383 corevian the Destroyer (level 9, -8/47 HPs)
             Began as a Deep Elf Conjurer on Oct 14, 2020.
             Was a Believer of Sif Muna.
             Hit by a large rock thrown by a cyclops (31 damage)
             ... on level 7 of the Dungeon.
             The game lasted 00:13:00 (7493 turns).

corevian the Destroyer (Deep Elf Conjurer)          Turns: 7493, Time: 00:13:01

Health: -8/47      AC:  4    Str:  4    XL:     9   Next: 22%
Magic:  19/25      EV: 14    Int: 27    God:    Sif Muna [**....]
Gold:   403        SH:  0    Dex: 13    Spells: 18/28 levels left

rFire    x . .     SeeInvis .   y - staff of cold
rCold    + + .     Faith    .   (no shield)
rNeg     . . .     Spirit   .   s - +2 robe of Vaedd {Harm rPois rCorr Stlth-}
rPois    +         Reflect  .   (no helmet)
rElec    .         Harm     +   q - scarf {repulsion}
rCorr    +         Rampage  .   (no gloves)
MR       +....                  (no boots)
Stlth    ++........             m - amulet of regeneration
HPRegen  0.55/turn              t - ring of ice
MPRegen  0.19/turn              e - ring of protection from magic

@: repel missiles
A: no striking features
a: Channel Magic, Renounce Religion


You were on level 7 of the Dungeon.
You worshipped Sif Muna.
Sif Muna was pleased with you.
You visited 1 branch of the dungeon, and saw 7 of its levels.

You collected 403 gold pieces.

Inventory:

Hand Weapons
 c - a +0 dagger of draining
Armour
 a - a +0 robe
 d - a +0 robe of cold resistance
 q - a scarf of repulsion (worn)
 s - the +2 robe of Vaedd (worn) {Harm rPois rCorr Stlth-}
   (You found it on level 5 of the Dungeon)

   It protects you from poison.
   It provides partial protection from all sources of acid and corrosion.
   It increases damage dealt and taken.
   It makes you less stealthy.
Magical Staves
 y - an uncursed staff of cold (weapon)
Jewellery
 b - an uncursed ring of stealth
 e - a ring of protection from magic (right hand)
 m - an amulet of regeneration (around neck)
 t - a ring of ice (left hand)
Wands
 f - a wand of paralysis (19)
 n - a wand of disintegration (13)
 u - a wand of acid (9)
Scrolls
 g - a scroll of fog {unknown}
 h - 8 scrolls of identify {unknown}
 i - a scroll of teleportation {unknown}
 j - a scroll of random uselessness {unknown}
 k - a scroll of magic mapping {unknown}
 l - 5 scrolls of remove curse {unknown}
 o - 3 scrolls of immolation {unknown}
 r - 3 scrolls of amnesia {unknown}
 v - a scroll of blinking {unknown}
 w - a scroll of fear {unknown}
Potions
 p - a potion of invisibility {unknown}
 x - 2 potions of might {unknown}
 z - a potion of curing {unknown}
 A - a potion of haste {unknown}


   Skills:
 + Level 1.2 Fighting
 + Level 3.9 Dodging
 + Level 4.5 Stealth
 + Level 10.1 Spellcasting
 * Level 10.5 Conjurations
 + Level 0.1 Hexes
 - Level 0.1 Translocations


You had 18 spell levels left.
You knew the following spells:

 Your Spells              Type           Power        Failure   Level
a - Magic Dart            Conj           ####         1%          1
b - Searing Ray           Conj           ######       1%          2
c - Iskenderun's Mystic   Conj/Tloc      #####...     4%          4
d - Dazzling Flash        Conj/Hex       #####.       1%          3

Your spell library contained the following spells:

 Spells                   Type           Power        Failure   Level
 Fulminant Prism          Conj/Hex       #####.....   4%          4


Dungeon Overview and Level Annotations

Branches:
Dungeon (7/15)             Temple (0/1) D:4

Altars:
Dithmenos
Nemelex Xobeh
Sif Muna
Wu Jian
Zin

Annotations:
D:4 1 runed translucent door, snetch's ghost, amateur MiBe


Message History

The ogre is moderately wounded. (Press . to maintain the ray.)
The searing ray hits the ogre!
The ogre is severely wounded.
The searing ray hits the ogre.
You kill the ogre!
Sif Muna accepts your kill.
You finish channeling your searing ray.
The cyclops throws a large rock.
The large rock closely misses you.
You see here a large rock.
Casting: Searing Ray (safe; 1% risk of failure)
Confirm with . or Enter, or press ? or * to list all spells.
Aiming: Magic Dart (safe; 1% risk of failure)
Press: ? - help, Shift-Dir - straight line, f - cyclops
Aim: a cyclops, quivering a large rock (lightly wounded)
The magic dart hits the cyclops.
The cyclops is lightly wounded.
The cyclops throws a large rock.
The large rock hits you!!
Ouch! That really hurt!
You die...

#.# #.# ...... ####.# ......
#..... ....C.# #..... ......O
#..... ....... #.....
.......##################.....
.......#.)..(@...†............
#...(C################.....
.)...##### #..... ### ######


You could see a cyclops.

Vanquished Creatures
  2 ice beasts
  A necrophage (D:4)
  2 ogres
  2 centaurs
  3 bullfrogs (D:6)
  2 wyvern skeletons
  2 scorpions
  A water moccasin skeleton (D:5)
  8 wights (D:6)
  4 orc wizards
  A bullfrog skeleton (D:5)
  6 hounds
  2 orc priests
  4 iguanas
  6 worker ants
  2 hound zombies
  A hound skeleton (D:6)
  A worker ant zombie (D:5)
  10 gnolls
  8 adders
  A shadow imp (D:5)
  2 white imps
  4 oozes
  4 worms
  2 dart slugs (D:1)
  7 leopard geckos
  8 orcs
  9 bats
  7 giant cockroaches
  10 goblins
  9 hobgoblins
  8 jackals
  17 kobolds
  7 quokkas
  2 ball pythons
  3 frilled lizards
  A jackal skeleton (D:6)
  A leopard gecko skeleton (D:4)
  16 rats
186 creatures vanquished.

Vanquished Creatures (others)
  11 plants (D:1)
11 creatures vanquished.

Grand Total: 197 creatures vanquished

Notes
Turn   | Place    | Note
-------+----------+-------------------------------------------
     0 | D:1      | corevian the Deep Elf Conjurer began the quest for the Orb.
     0 | D:1      | Reached XP level 1. HP: 10/10 MP: 6/6
   134 | D:1      | Reached XP level 2. HP: 15/15 MP: 6/8
   342 | D:1      | Reached skill level 5 in Conjurations
   569 | D:1      | Reached XP level 3. HP: 19/19 MP: 5/9
  1680 | D:2      | Learned a level 2 spell: Searing Ray
  1763 | D:2      | Reached XP level 4. HP: 24/24 MP: 3/11
  2627 | D:3      | Reached XP level 5. HP: 28/28 MP: 6/13
  3287 | D:3      | Found a shimmering blue altar of Sif Muna.
  3386 | D:3      | Became a worshipper of Sif Muna the Loreminder
  3454 | D:4      | Noticed an ogre
  3460 | D:4      | Killed an ogre
  3460 | D:4      | Reached skill level 5 in Spellcasting
  3460 | D:4      | Reached XP level 6. HP: 32/32 MP: 6/16
  4167 | D:4      | Learned a level 4 spell: Iskenderun's Mystic Blast
  4172 | D:4      | Found a staircase to the Ecumenical Temple.
  4182 | D:4      | Reached XP level 7. HP: 37/37 MP: 11/19
  4267 | D:4      | Found a runed translucent door.
  4267 | D:4      | Noticed snetch's ghost (amateur MiBe)
  4747 | D:5      | Entered Level 5 of the Dungeon
  4825 | D:5      | Got a dull robe
  4836 | D:5      | Identified the +2 robe of Vaedd {Harm rPois rCorr Stlth-}
                  | (You found it on level 5 of the Dungeon)
  4978 | D:5      | Reached * piety under Sif Muna
  5008 | D:5      | Found a sparkling altar of Nemelex Xobeh.
  5023 | D:5      | Learned a level 3 spell: Dazzling Flash
  5186 | D:5      | Found a glowing silver altar of Zin.
  5418 | D:5      | Found a shadowy altar of Dithmenos.
  5451 | D:5      | Reached XP level 8. HP: 34/42 MP: 16/22
  6501 | D:6      | Reached skill level 1 in Fighting
  6625 | D:6      | Reached ** piety under Sif Muna
  6757 | D:6      | Found a shadowy altar of Dithmenos.
  6757 | D:6      | Found an ornate altar of the Wu Jian Council.
  6996 | D:7      | Reached skill level 10 in Spellcasting
  6996 | D:7      | Reached skill level 10 in Conjurations
  6996 | D:7      | Reached XP level 9. HP: 20/47 MP: 17/25
  7480 | D:7      | Noticed a cyclops
  7493 | D:7      | Hit by a large rock thrown by a cyclops

Illustrated notes

Levels and vault maps discovered:
D:1:      dpeg_arrival_pits, layout_loops_corners, lexackson_kobold_supper
D:2:      layout_loops_ring
D:3:      layout_rooms, led_sif_pool, chequers_serial_rivers_micro_d
D:4:      layout_basic, minmay_temple_entry_ruins,
          hellmonk_ghost_happy_afterlife
D:5:      layout_loops_ring, lemuel_crystal_altar, basic_altar,
          grunt_dithmenos_smoke
D:6:      layout_rooms, gammafunk_temple_overflow_elements
D:7:      layout_rooms, kennysheep_mini, minmay_microvault

Skill      XL: |  1  2  3  4  5  6  7  8 |
---------------+-------------------------+-----
Conjurations   | 5 6 7 8 10 | 10.5
Spellcasting   | 4 5 6 8 10 | 10.1
Stealth        | 3 4 |  4.5
Dodging        | 3 |  3.9
Fighting       | 1 |  1.2
Hexes          | |  0.1
Translocations | |  0.1

Action                   |  1- 3 |  4- 6 |  7- 9 || total
-------------------------+-------+-------+-------++-------
Melee: Dagger            |    23 |     8 |     2 ||    33
 Cast: Magic Dart        |    78 |   101 |   149 ||   328
       Searing Ray       |     2 |    18 |    44 ||    64
       Dazzling Flash    |       |       |     4 ||     4
       Iskenderun's Myst |       |       |     1 ||     1
  Use: Potion            |       |     3 |       ||     3
Armor: Robe              |     2 |       |     4 ||     6
Dodge: Dodged            |    10 |    15 |    19 ||    44

Table legend: (Time is in decaauts)
 A = Elapsed time spent in this place.
 B = Non-inter-level travel time spent in this place.
 C = Inter-level travel time spent in this place.
 D = Time resting spent in this place.
 E = Time spent auto-exploring this place.
 F = Levels seen in this place.
 G = Mean time per level.
                   A        B        C        D        E       F      G
               +--------+--------+--------+--------+--------+-----+--------+
         Total |   7489 |   7301 |    188 |      0 |   6413 |   7 | 1069.9 |
       Dungeon |   7489 |   7301 |    188 |      0 |   6413 |   7 | 1069.9 |
               +--------+--------+--------+--------+--------+-----+--------+

Top non-repeatable levels by time:
     D:1: 1483 daAuts
     D:4: 1322 daAuts
     D:6: 1137 daAuts
     D:2: 1136 daAuts
     D:5: 1104 daAuts
     D:3: 802 daAuts
     D:7: 501 daAuts
